[Event "*** SCC Grand Prix: Titled Tuesday Blitz"]
[Site "Chess.com"]
[Date "2020.07.07"]
[Round "2"]
[White "Quattroporte300"]
[Black "Marty435"]
[Result "1/2-1/2"]
[WhiteElo "2304"]
[BlackElo "2507"]
[TimeControl "180+1"]
[EndTime "10:18:47 PDT"]
[Termination "Game drawn by stalemate"]

1. e4 c5 2. Nf3 d6 3. d4 cxd4 4.
Nxd4 Nf6 5. Nc3 Nc6 6. Bg5 e6 7.
Qd2 a6 8. O-O-O Bd7 9. f3 Be7 10. h4 b5 11. g4 b4 12. Nce2 Nxd4 13. Nxd4 a5 14. Kb1 Qb6 15. h5 a4 16. Be3 Qb7 17. g5 Ng8 18. Bh3 O-O-O 19. Rc1 Kb8 20. g6 hxg6 21. hxg6 fxg6 22. Nxe6 Rc8 23. Nc5 dxc5 24.
Qxd7 Qxd7 25. Bxd7 Rxh1 26. Rxh1 Rd8 27. Bxa4 Nf6 28.
Bb3 Nh5 29. Rg1 Rd6 30. Bxc5 Rd7 31. Bxe7 Rxe7 32. Rxg6 Rd7 33. Bd5 Nf4 34. Rb6+ Kc7 35.
Rxb4 Nxd5 36. exd5 Rxd5 37. a4 Rd1+ 38. Ka2 Rf1 39.
Rg4 Rf2 40. Rxg7+ Kb6 41. Kb3 Rxf3+ 42. c3 Rf4 43. Rg6+ Ka5 44. Rg5+ Kb6 45. Rd5 Re4 46. Rd4 Re5 47. Kb4 Re2 48. b3 Re3 49. Rd6+ Kb7 50. c4 Rf3 51. a5 Kc7 52. Rh6 Rg3 53. Ka4 Kb7 54. b4 Ka7 55. Kb5 Rg5+ 56. c5 Rg4 57. Rh7+ Kb8 58. a6 Rf4 59. Ka5 Rc4 60. a7+ Ka8 61.
Ka6 Rh4 62. Rc7 Rh6+ 63. Ka5 Ra6+ 64. Kb5 Rb6+ 65. Kc4 Rxb4+ 66. Kd5 Rd4+ 67. Kc6 Rd6+ 68. Kb5 Rb6+ 69. Ka5 Rb5+ 70. Kxb5 1/2-1/2

[Event "*** SCC Grand Prix: Titled Tuesday Blitz"]
[Site "Chess.com"]
[Date "2020.07.07"]
[Round "2"]
[White "AungTZ"]
[Black "gliglu"]
[Result "0-1"]
[WhiteElo "2109"]
[BlackElo "2404"]
[TimeControl "180+1"]
[EndTime "10:18:49 PDT"]
[Termination "gliglu won by checkmate"]

1. e4 e6 2. d4 d5 3. Nc3 Nf6 4.
Bg5 Bb4 5. e5 h6 6. Bd2 Bxc3 7.
bxc3 Ne4 8. Bd3 Nxd2 9. Qxd2 b6 10. Qe2 a5 11. Qg4 g6 12. Nf3 Qe7 13. a4 Ba6 14. O-O Bxd3 15. cxd3 Nd7 16. c4 O-O 17. h4 c5 18.
cxd5 exd5 19. Rfe1 Qe6 20. Qf4 Kg7 21. Rab1 Rac8 22. Nh2 c4 23. dxc4 Rxc4 24. Ng4 h5 25. Nh2 Rfc8 26. Nf3 Nf8 27. Ng5 Qf5 28. Qxf5 gxf5 29.
Rxb6 R8c7 30. Rb5 Rxd4 31. Rxa5 Rxh4 32. Rxd5 Rxa4 33. e6 fxe6 34. Nxe6+ Nxe6 35. Rxe6 Ra1+ 36. Kh2 Ra2 37. Kg3 Rc3+ 38. f3 Rcc2 39. Rd7+ Kf8 40.
Rb6 Rxg2+ 41. Kf4 Rge2 42. Kxf5 Re8 43. f4 h4 44. Rh7 Kg8 45. Rxh4 Rf8+ 46. Kg5 Ra5+ 47.
Kg6 Raf5 48. Rb7 R8f6# 0-1

[Event "*** SCC Grand Prix: Titled Tuesday Blitz"]
[Site "Chess.com"]
[Date "2020.07.07"]
[Round "2"]
[White "PIwan"]
[Black "Oneofmyturns"]
[Result "1/2-1/2"]
[WhiteElo "2508"]
[BlackElo "2722"]
[TimeControl "180+1"]
[EndTime "10:18:50 PDT"]
[Termination "Game drawn by repetition"]

1. c4 e6 2. Nc3 d5 3. d4 Be7 4.
Nf3 Nf6 5. cxd5 exd5 6. Bg5 c6 7. e3 Bf5 8. Bd3 Bxd3 9. Qxd3 Nbd7 10. O-O O-O 11. Rab1 a5 12. a3 Ne4 13. Bf4 Ndf6 14. h3 a4 15. Ne5 Re8 16. f3 Nxc3 17. bxc3 Qc8 18. c4 dxc4 19. Nxc4 Nd5 20. Bh2 b5 21. Ne5 Bd6 22. e4 Bxe5 23. Bxe5 Nb6 24. Bd6 Nc4 25.
Bc5 Qe6 26. Rfd1 Rad8 27. d5 cxd5 28. exd5 Qd7 29. d6 Re5 30. Bb4 Rde8 31. Qd4 h6 32. f4 Re2 33. Bc3 f6 34. Qd5+ Kh8 35. Qxb5 Qe6 36. d7 Rxg2+ 37. Kxg2 Qe2+ 38. Kh1 Qf3+ 39. Kg1 Qg3+ 40. Kh1 Qxh3+ 41. Kg1 Qg3+ 42. Kh1 Qh3+ 43.
Kg1 Qg3+ 44. Kh1 Qh3+ 1/2-1/2

[Event "*** SCC Grand Prix: Titled Tuesday Blitz"]
[Site "Chess.com"]
[Date "2020.07.07"]
[Round "2"]
[White "Eltaj_Safarli"]
[Black "AwareIdea"]
[Result "1-0"]
[WhiteElo "2920"]
[BlackElo "2471"]
[TimeControl "180+1"]
[EndTime "10:18:50 PDT"]
[Termination "Eltaj_Safarli won on time"]

1. e4 e5 2. Nf3 Nc6 3. Nc3 Nf6 4. a3 Be7 5. d4 exd4 6. Nxd4 O-O 7. Nxc6 bxc6 8. e5 Ne8 9. Bd3 d5 10. exd6 cxd6 11.
O-O d5 12. Re1 Nf6 13. Bg5 h6 14. Bh4 Bg4 15. Bxf6 Bxd1 16. Bxe7 Qb6 17. Bxf8 Qxb2 18. Rexd1 Kxf8 19. Ne2 Rb8 20. g3 g5 21. Kg2 c5 22. Ng1 Qf6 23. Nf3 Rb2 24. Rab1 c4 25. Rxb2 Qxb2 26. Bf5 Qxa3 27. Rxd5 a5 28. Rd8+ Kg7 29.
Rd7 Kf6 30. Be4 a4 31. Bd5 Qc3 32. Rxf7+ Kg6 33. Rc7 Qxc2 34. Bxc4 Qd1 35. Ra7 Kf6 36. Ra6+ Kg7 37. h3 Kf8 38. Bb5 Qb3 39. Bxa4 Qc4 40. Ra8+ Kg7 41. Ra7+ Kf8 42. Bd7 h5 43. Nxg5 Qd5+ 44.
Nf3 Qc5 45. Ra8+ Ke7 46. Ba4 Qd5 47. Re8+ Kf6 48. Re3 Qa8 49. Bb3 Kg7 50. Re7+ Kf6 51.
Rf7+ Kg6 52. Rf4 Kh6 53. h4 Qb7 54. Be6 1-0

[Event "*** SCC Grand Prix: Titled Tuesday Blitz"]
[Site "Chess.com"]
[Date "2020.07.07"]
[Round "2"]
[White "dolynachess"]
[Black "Shushik"]
[Result "1-0"]
[WhiteElo "2433"]
[BlackElo "2194"]
[TimeControl "180+1"]
[EndTime "10:18:50 PDT"]
[Termination "dolynachess won on time"]

1. d4 d5 2. c4 e6 3. Nf3 Nf6 4. g3 dxc4 5. Bg2 Nc6 6. O-O Rb8 7. a4 b6 8. Na3 Na5 9. Ne5 Bb7 10. Bxb7 Rxb7 11. Naxc4 Nxc4 12. Nxc4 Be7 13. Ne5 Qd5 14. Qc2 O-O 15. Nc6 Bc5 16. dxc5 Qxc6 17. Be3 bxc5 18. Qxc5 Qe4 19. Qd4 Qg6 20. Rac1 Ng4 21. Bf4 e5 22. Qd5 Rbb8 23. Be3 Qh5 24. Qg2 Rxb2 25. Bxa7 Rxe2 26. h3 Nf6 27. Rxc7 Ne4 28. Be3 f5 29. g4 Qg6 30.
gxf5 Qxg2+ 31. Kxg2 Rxf5 32. a5 Rf6 33. Rb1 Nxf2 34.
Rb8+ Rf8 35. Rxf8+ 1-0

[Event "*** SCC Grand Prix: Titled Tuesday Blitz"]
[Site "Chess.com"]
[Date "2020.07.07"]
[Round "2"]
[White "rududuyk"]
[Black "ChelsieMonica"]
[Result "0-1"]
[WhiteElo "2084"]
[BlackElo "2397"]
[TimeControl "180+1"]
[EndTime "10:18:50 PDT"]
[Termination "ChelsieMonica won by resignation"]

1. e4 c5 2. Nc3 e6 3. f4 d5 4. Bb5+ Bd7 5. exd5 Bxb5 6. Nxb5 Qxd5 7.
Nf3 Na6 8. O-O Nf6 9. d3 Be7 10. b3 O-O 11. Bb2 Qd7 12. a4 Ng4 13. Ne5 Nxe5 14.
Bxe5 f6 15. Bb2 Nc7 16. Nxc7 Qxc7 17. Qg4 Kh8 18. Qxe6 Bd6 19. Rae1 Bxf4 20. Qh3 Rae8 21. Qh5 Be3+ 22. Kh1 Qd7 23. Rf3 Bd4 24. Rxe8 Rxe8 25.
Bxd4 Re1+ 26. Bg1 Qd4 27. Qe8+ Rxe8 28. Bxd4 cxd4 29. Kg1 Re2 30. Rf2 Re3 31. Kf1 Kg8 32.
Re2 f5 33. g3 g5 34. Rf2 Re5 35. Re2 Rc5 36. Re7 Rxc2 37. Rxb7 Rc3 38. Ke2 h6 39. b4 Rc2+ 40. Kd1 Rxh2 41. Rxa7 Rg2 42. b5 Rxg3 43. Kc2 Rg2+ 44. Kb3 Rg1 45. Kc4 Rb1 46. a5 g4 47.
a6 g3 48. Rd7 g2 49. a7 Ra1 50. Rd8+ Kg7 51. a8=Q Rxa8 52. Rxa8 g1=Q 53. Ra7+ Kf6 54. b6 Qc1+ 55. Kb5 Qb2+ 56. Kc6 Qc3+ 57. Kd7 Qc5 58. Ra6 Qb5+ 59. Kc7 Qxa6 0-1

[Event "*** SCC Grand Prix: Titled Tuesday Blitz"]
[Site "Chess.com"]
[Date "2020.07.07"]
[Round "2"]
[White "S-Fazulyanov"]
[Black "Sankalp_Gupta2003"]
[Result "0-1"]
[WhiteElo "2538"]
[BlackElo "2829"]
[TimeControl "180+1"]
[EndTime "10:18:51 PDT"]
[Termination "Sankalp_Gupta2003 won by checkmate"]

1. e4 e6 2. d4 d5 3. e5 c5 4.
c3 Nc6 5. Nf3 Qb6 6. a3 Nh6 7.
b4 cxd4 8. cxd4 Nf5 9. Be3 f6 10. exf6 gxf6 11. Nc3 Nxe3 12. fxe3 Bh6 13. Qd2 O-O 14.
Bd3 Ne7 15. O-O e5 16. Bb1 Be6 17. Ba2 Kh8 18. Kh1 e4 19. Ng1 Qd6 20. Nh3 Ng6 21. Rae1 a5 22. Nb5 Qd7 23. a4 axb4 24. Qxb4 Bxh3 25. gxh3 Qxh3 26. Bxd5 f5 27. Qd2 Nh4 28. Qf2 Rf6 29. Re2 Rg6 30. Rg1 Rxg1+ 31. Kxg1 Ra6 32.
Bf7 Nf3+ 33. Kh1 Rf6 34. Be8 Rf8 35. Nd6 Rf6 36. Nb5 Re6 37. Bf7 Re7 38. Nd6 Rd7 39.
Rc2 Rxd6 40. Rc8+ Kg7 41. Bc4 Rg6 42. Rg8+ Kf6 43. Rxg6+ hxg6 44. Bf1 Qh4 45. Qb2 Bxe3 46. d5+ Kg5 47. d6 Qg4 48. Bg2 Ne5 49. Qxe5 Qd1+ 50.
Bf1 Qxf1# 0-1

[Event "*** SCC Grand Prix: Titled Tuesday Blitz"]
[Site "Chess.com"]
[Date "2020.07.07"]
[Round "2"]
[White "Thipsay"]
[Black "Raja3401"]
[Result "0-1"]
[WhiteElo "2520"]
[BlackElo "2787"]
[TimeControl "180+1"]
[EndTime "10:18:51 PDT"]
[Termination "Raja3401 won by resignation"]

1. e4 c5 2. Nf3 d6 3. d4 cxd4 4. Nxd4 Nf6 5. Nc3 a6 6. Be2 e5 7. Nb3 Be7 8. O-O O-O 9. Kh1 Be6 10. f4 exf4 11. Nd4 Nc6 12. Nf5 d5 13. Nxe7+ Nxe7 14. e5 Ne4 15. Nxe4 dxe4 16. Bxf4 Nd5 17. Qc1 Rc8 18.
c3 Qb6 19. Bg3 Rfd8 20. Rb1 h6 21. Bf2 Qc7 22. Bd4 Nb4 23. Qe3 Nc2 24. Qxe4 Nxd4 25.
cxd4 Bd5 26. Qf5 Qc2 27. Qxc2 Rxc2 28. Bf3 Bxf3 29. Rxf3 Rxd4 30. h3 Rdd2 31. Rg3 Rxb2 32. Rc1 Rbc2 33. Rb1 b5 34. a4 Rc5 35. axb5 axb5 36.
Re1 Rd7 37. e6 fxe6 38. Rxe6 Rb7 39. Rb3 Kf7 40. Re4 Kf6 41. Kh2 Re5 42. Reb4 Ke6 43.
Rd3 Rd5 44. Rc3 Kd6 45. h4 Rc5 46. Rd3+ Kc6 47. Rdb3 Rc4 48. h5 Rxb4 49. Rxb4 Kc5 50.
Rb1 b4 51. Kg3 Kc4 52. Kf4 b3 53. Kf5 Kc3 0-1

[Event "*** SCC Grand Prix: Titled Tuesday Blitz"]
[Site "Chess.com"]
[Date "2020.07.07"]
[Round "2"]
[White "GianmarcoVaR"]
[Black "A-Fier"]
[Result "1-0"]
[WhiteElo "2535"]
[BlackElo "2764"]
[TimeControl "180+1"]
[EndTime "10:18:51 PDT"]
[Termination "GianmarcoVaR won by resignation"]

1. d4 Nf6 2. c3 c5 3. Nf3 g6 4. dxc5 Bg7 5. Nbd2 O-O 6. Nb3 Qc7 7. g3 Na6 8. Bf4 Qc6 9. Bg2 Nxc5 10. O-O Qb6 11. Nxc5 Qxc5 12. Be5 d6 13. Bd4 Qc7 14. h3 h6 15. a4 e5 16. Be3 Be6 17. a5 d5 18. Qa4 Ne4 19. Nd2 Nxd2 20. Bxd2 f5 21. a6 b6 22. c4 dxc4 23. Bb4 e4 24. Bxf8 Rxf8 25. Qb4 Qe5 26. Rab1 Rd8 27. Rfd1 Rc8 28. e3 h5 29. Qe7 Rc7 30. Qd6 Kf7 31. Qd8 Bf6 32. Qb8 Re7 33. Qxe5 Bxe5 34. Rd8 Rc7 35. Bf1 Ke7 36. Rb8 Bd5 37. h4 Rd7 38. Rc8 b5 39. Rc5 Ke6 40. Rxb5 Rd6 41. Rc5 Rxa6 42. Rd1 Rd6 43.
Rdxd5 Rxd5 44. Bxc4 Bxb2 45. Rxd5 Kf6 46. Ra5 Kg7 47. Rxa7+ Kh6 48. Bg8 Bg7 49. Kf1 1-0

[Event "*** SCC Grand Prix: Titled Tuesday Blitz"]
[Site "Chess.com"]
[Date "2020.07.07"]
[Round "2"]
[White "Rish_97"]
[Black "Sueetin"]
[Result "1-0"]
[WhiteElo "2644"]
[BlackElo "2313"]
[TimeControl "180+1"]
[EndTime "10:18:51 PDT"]
[Termination "Rish_97 won on time"]

1. d4 Nf6 2. Nf3 d5 3. Bf4 c5 4. e3 Nc6 5. Nbd2 cxd4 6. exd4 Qb6 7. Nb3 Bg4 8. Be2 e6 9. O-O Be7 10. a4 a5 11. h3 Bf5 12. Ne5 Rc8 13. Bb5 h6 14. c4 dxc4 15. Nxc4 Qd8 16. Nbxa5 O-O 17. Nxb7 Qxd4 18. Be3 Qh4 19. Nbd6 Rc7 20. Bb6 Bxh3 21.
Bxc7 Bxg2 22. Kxg2 Qg5+ 23. Kh3 Nh5 24. Ne4 Qh4+ 25.
Kg2 Nf4+ 26. Bxf4 Qxf4 27. Bxc6 f5 28. Ng3 Qg5 29. Qe2 f4 30. Qxe6+ Kh8 31. Qd5 Qg4 32. Qf3 Qh4 33. Qh5 Qf6 34. Ne4 Qxc6 35. Qf3 Qxc4 36.
Rac1 Qe6 37. Rg1 Bb4 38. Kf1 Re8 39. Nc3 Qa6+ 40. Kg2 1-0

[Event "*** SCC Grand Prix: Titled Tuesday Blitz"]
[Site "Chess.com"]
[Date "2020.07.07"]
[Round "2"]
[White "albano87"]
[Black "MisiekZielony"]
[Result "1-0"]
[WhiteElo "2431"]
[BlackElo "2191"]
[TimeControl "180+1"]
[EndTime "10:18:51 PDT"]
[Termination "albano87 won on time"]

1. e4 Nf6 2. Nc3 d5 3. e5 Ne4 4. Nxe4 dxe4 5. d4 exd3 6. Bxd3 Nc6 7. Nf3 Bg4 8. h3 Bxf3 9. Qxf3 Nxe5 10. Qxb7 Nxd3+ 11. cxd3 Rb8 12. Qxa7 e6 13. O-O Bd6 14. Qa4+ Qd7 15.
Qxd7+ Kxd7 16. b3 Be5 17. Rb1 Ra8 18. a4 Rhb8 19. Be3 Ra5 20. Rfc1 Rd5 21. Rd1 Bc3 22. f3 e5 23. Kf2 f5 24. Rdc1 Rxd3 25. Ke2 e4 26.
fxe4 fxe4 27. Bf4 Rb7 28. Rd1 Rxd1 29. Rxd1+ Ke6 30. Rb1 c5 31. Bd2 Bd4 32. b4 cxb4 33. Rxb4 Rxb4 34. Bxb4 Kd5 35. Bf8 g6 36. Bh6 Kc4 37.
Be3 Be5 38. a5 Kb5 39. Bb6 Bf4 40. g4 h5 41. gxh5 gxh5 42. Bd8 Ka6 43. Kd1 Kb5 44. Kc2 Bd6 45. Kc3 Bc5 46. Bc7 Ba7 47. Bd8 Bc5 48.
Kd2 Bd4 49. Ke2 Bc5 50. Kf1 Bd4 51. Kg2 Be5 52. Kf2 Bf4 53. Bb6 Bd2 54. h4 Bxa5 55.
Bxa5 Kxa5 56. Ke3 Kb6 57. Kxe4 Kc7 58. Kf5 Kd8 59. Kg5 Ke8 60. Kxh5 Kf8 61. Kg6 Kg8 62. h5 Kh8 63. h6 Kg8 64. Kh5 Kh8 65. Kg5 Kh7 66. Kh5 1-0

[Event "*** SCC Grand Prix: Titled Tuesday Blitz"]
[Site "Chess.com"]
[Date "2020.07.07"]
[Round "2"]
[White "Elshan1985"]
[Black "antoszu"]
[Result "1-0"]
[WhiteElo "2829"]
[BlackElo "2541"]
[TimeControl "180+1"]
[EndTime "10:18:52 PDT"]
[Termination "Elshan1985 won by resignation"]

1. e4 e6 2. d4 d5 3. e5 c5 4. c3 Nc6 5. Nf3 Qb6 6. Be2 Nh6 7.
Bxh6 gxh6 8. b3 cxd4 9. cxd4 Bb4+ 10. Kf1 Bf8 11. Nc3 Bg7 12. Na4 Qd8 13. Rc1 O-O 14. g3 f6 15. exf6 Qxf6 16. Kg2 Nxd4 17. Qxd4 Qxd4 18.
Nxd4 Bxd4 19. f4 b6 20. Rhd1 Bf6 21. Bg4 Re8 22. Rc7 Bd8 23. Rc6 h5 24. Bxh5 Re7 25. Bg4 Bd7 26. Rc2 Kf7 27. Nb2 Rc8 28. Rxc8 Bxc8 29.
Nd3 Rc7 30. Rd2 Ke7 31. Re2 Kd6 32. Ne5 Bf6 33. h4 Ba6 34. Re1 Rc2+ 35. Kh3 Bc8 36.
a4 Rb2 37. Re3 Rc2 38. Nf7+ Ke7 39. Ng5 Bxg5 40. hxg5 Kd6 41. b4 Rc4 42. Kh4 Rxb4 43. Kh5 d4 44. Re1 d3 45. Kh6 d2 46. Rd1 Rd4 47.
Kxh7 Bb7 48. g6 Be4 49. Kh6 Bc2 50. g7 Bxd1 51. Bxd1 1-0

[Event "*** SCC Grand Prix: Titled Tuesday Blitz"]
[Site "Chess.com"]
[Date "2020.07.07"]
[Round "2"]
[White "Sanan_Sjugirov"]
[Black "Haykoooo0o"]
[Result "1-0"]
[WhiteElo "2814"]
[BlackElo "2534"]
[TimeControl "180+1"]
[EndTime "10:18:52 PDT"]
[Termination "Sanan_Sjugirov won by resignation"]

1. d4 Nf6 2. c4 c5 3. d5 b5 4. cxb5 a6 5. e3 g6 6. Nc3 Bg7 7. Nf3 O-O 8. a4 e6 9. dxe6 fxe6 10. Be2 d5 11. O-O Bb7 12. h3 axb5 13. Bxb5 Qe7 14. Ne5 Ne4 15. Nxe4 Bxe5 16. Nd2 Nc6 17. f4 Bg7 18.
Nf3 Rad8 19. a5 e5 20. a6 Ba8 21. Bxc6 Bxc6 22. Nxe5 Bxe5 23. fxe5 Qxe5 24. a7 Qe4 25. Rxf8+ Rxf8 26. Qg4 Qe5 27. Ra6 Ba8 28. Qe6+ Qxe6 29.
Rxe6 Rf7 30. Re8+ Rf8 31. Rb8 Kf7 32. Bd2 Ke7 33. Ba5 Re8 34. Bb6 Kd7 35. Bxc5 Rc8 36.
Bd4 Kc7 37. Kf2 Kd7 38. Kg3 Bc6 39. Kf4 Re8 40. Kg5 Ke7 41. g4 Rf8 42. Bc5+ 1-0

[Event "*** SCC Grand Prix: Titled Tuesday Blitz"]
[Site "Chess.com"]
[Date "2020.07.07"]
[Round "2"]
[White "Kezin_Roman"]
[Black "Shuvalov"]
[Result "0-1"]
[WhiteElo "2740"]
[BlackElo "2522"]
[TimeControl "180+1"]
[EndTime "10:18:52 PDT"]
[Termination "Shuvalov won by resignation"]

1. d4 d5 2. c4 c6 3. Nc3 Nf6 4. e3 a6 5. Qc2 Bg4 6. Nf3 e6 7. Bd3 Nbd7 8. Ne5 Nxe5 9. dxe5 Nd7 10. f4 Nc5 11. O-O Nxd3 12. Qxd3 Bc5 13. cxd5 cxd5 14. Bd2 O-O 15. Rac1 Rc8 16. Ne2 Bxe2 17. Qxe2 Qb6 18. b3 Ba3 19. Rcd1 Rc2 20. f5 exf5 21. Rxf5 Qg6 22.
Qf3 Bc5 23. Kh1 h6 24. Be1 Bxe3 25. Bg3 d4 26. Rf1 Rc1 27. Rxc1 Bxc1 28. h3 Be3 29.
Kh2 Rc8 30. h4 Rc1 31. h5 Qe6 32. Bf2 Rf1 33. Qe4 Rxf2 34. Rxf2 Bxf2 35. g3 Be3 36.
Qxb7 Qxe5 37. Qc8+ Kh7 38. Qc2+ g6 39. hxg6+ fxg6 40. Qc6 Qg7 41. Qe6 h5 42. Qd5 Kh6 43. Qe6 Qc7 44.
Qb6 Qxb6 0-1

[Event "*** SCC Grand Prix: Titled Tuesday Blitz"]
[Site "Chess.com"]
[Date "2020.07.07"]
[Round "2"]
[White "temus_galaktionov"]
[Black "Atanejhad"]
[Result "1-0"]
[WhiteElo "2657"]
[BlackElo "2389"]
[TimeControl "180+1"]
[EndTime "10:18:52 PDT"]
[Termination "temus_galaktionov won on time"]

1. d4 Nf6 2. Nf3 e6 3. c4 b6 4. g3 Ba6 5. b3 b5 6. c5 d6 7. cxd6 cxd6 8. Bg2 Bb7 9. O-O Nbd7 10. Bf4 Be7 11. a4 a6 12. axb5 axb5 13. Rxa8 Qxa8 14. Nc3 b4 15. Nb5 Qb8 16. Qa1 Bxf3 17. Bxf3 Qxb5 18.
Qa8+ Qb8 19. Ra1 O-O 20. Qa6 d5 21. Bxb8 Rxb8 22. Qc6 g6 23. Ra8 Rxa8 24. Qxa8+ Kg7 25. Qb7 Bf8 26. e4 dxe4 27. Bxe4 Nxe4 28. Qxe4 Nb6 29. Qe5+ Kg8 30. Kf1 Nd5 31. Ke2 Bg7 32.
Qb8+ Bf8 33. Kd3 h5 34. h3 Kg7 35. g4 hxg4 36. hxg4 g5 37. Qe5+ Kg6 38. Qh8 Bg7 39. Qh5+ Kf6 40. Kc4 Bf8 41. Kb5 Bg7 42. Kc6 Nf4 43.
Qh7 Nd5 44. Kd7 Nb6+ 45. Ke8 Nc8 46. Qh2 Kg6 47. Qh5+ 1-0

[Event "*** SCC Grand Prix: Titled Tuesday Blitz"]
[Site "Chess.com"]
[Date "2020.07.07"]
[Round "2"]
[White "MateSchmate"]
[Black "HarryCun"]
[Result "1/2-1/2"]
[WhiteElo "2413"]
[BlackElo "2178"]
[TimeControl "180+1"]
[EndTime "10:18:52 PDT"]
[Termination "Game drawn by stalemate"]

1. e4 c6 2. Bc4 d5 3. Bb3 dxe4 4. Qh5 g6 5. Qh4 e6 6. Qxe4 Nf6 7. Qe2 Bg7 8. Nc3 O-O 9. Nf3 Nd5 10. O-O Nd7 11.
Nxd5 cxd5 12. d4 b6 13. c3 Bb7 14. Bg5 Nf6 15. Ne5 Qc7 16. Qf3 Nd7 17. Ng4 e5 18.
Ba4 e4 19. Qh3 h5 20. Bxd7 hxg4 21. Bxg4 Bc8 22. Bxc8 Qxc8 23. Qxc8 Raxc8 24. f3 exf3 25. Rxf3 Rfe8 26. Kf2 Re4 27. Re1 Rce8 28. Rfe3 f6 29. Rxe4 dxe4 30. Bf4 g5 31. Bd6 f5 32. g3 Bh6 33. Be5 Kf7 34. g4 Bg7 35. Bxg7 Kxg7 36. gxf5 Kf6 37. Ke3 Kxf5 38. h3 Rh8 39. Rf1+ Kg6 40.
Rh1 Rh4 41. d5 Kf5 42. d6 Ke6 43. Rd1 Rxh3+ 44. Kxe4 Rh7 45. d7 Rxd7 46. Rxd7 Kxd7 47. Kf5 Kd6 48. Kxg5 Ke5 49. b3 b5 50. Kg6 Ke4 51.
Kf6 Kd3 52. c4 bxc4 53. bxc4 Kxc4 54. Ke5 a5 55. a4 Kb4 56. Kd4 Kxa4 57. Kc3 Ka3 58.
Kc2 Ka2 59. Kc1 a4 60. Kc2 a3 61. Kc1 Kb3 62. Kb1 a2+ 63. Ka1 Ka3 1/2-1/2

[Event "*** SCC Grand Prix: Titled Tuesday Blitz"]
[Site "Chess.com"]
[Date "2020.07.07"]
[Round "2"]
[White "frederiksvane"]
[Black "140mariam"]
[Result "1-0"]
[WhiteElo "2674"]
[BlackElo "2324"]
[TimeControl "180+1"]
[EndTime "10:18:53 PDT"]
[Termination "frederiksvane won by checkmate"]

1. e4 e6 2. d4 d5 3. Nd2 Be7 4. Ngf3 Nf6 5. e5 Nfd7 6. Bd3 c5 7. c3 Nc6 8. O-O cxd4 9. cxd4 a5 10. a3 Qb6 11. Qe2 Nxd4 12. Nxd4 Qxd4 13. Nf3 Qa7 14. Be3 b6 15. h4 Ba6 16. Rac1 Bxd3 17. Qxd3 O-O 18. h5 h6 19. Rc2 Rac8 20. Rfc1 Rxc2 21.
Rxc2 Bc5 22. Bd2 Qb8 23. Bf4 Rc8 24. Qb5 Qb7 25. b4 Be7 26. Rxc8+ Qxc8 27. bxa5 bxa5 28.
Qxa5 Qc5 29. Qxc5 Bxc5 30. a4 Bb4 31. Be3 Kf8 32. Kf1 Ke8 33. Ke2 Kd8 34. Kd3 Kc7 35. g4 Nc5+ 36. Bxc5 Bxc5 37. Ke2 Kb6 38. g5 Ka5 39. g6 fxg6 40. hxg6 Kxa4 41. Ne1 Kb5 42. Nd3 Bf8 43. Nf4 Ba3 44. Nxe6 Bb2 45. f4 Kc6 46. Nxg7 Kd7 47. Nh5 Ke8 48. g7 Kf7 49. e6+ Kg8 50. e7 Bxg7 51. e8=Q+ Kh7 52. Qf7 d4 53. Qxg7# 1-0

[Event "*** SCC Grand Prix: Titled Tuesday Blitz"]
[Site "Chess.com"]
[Date "2020.07.07"]
[Round "2"]
[White "Varshi_chess"]
[Black "ClassyEl"]
[Result "0-1"]
[WhiteElo "2257"]
[BlackElo "2460"]
[TimeControl "180+1"]
[EndTime "10:18:53 PDT"]
[Termination "ClassyEl won on time"]

1. e4 d6 2. d4 Nf6 3. Nc3 c6 4. Nf3 Bg4 5. Be2 e6 6. O-O d5 7. e5 Nfd7 8. h3 Bf5 9. Bd3 Bg6 10. Ne2 c5 11. c3 Nc6 12. Nf4 Be7 13. a3 Qb6 14.
Be3 cxd4 15. cxd4 Rc8 16. b4 O-O 17. Rc1 a5 18. b5 Na7 19. a4 Ba3 20. Ra1 Be7 21.
Bxg6 hxg6 22. Nd3 Rc3 23. Qd2 Rc4 24. Rfc1 Rfc8 25. Nb2 Bb4 26. Nxc4 dxc4 27. Qe2 Qc7 28. Nd2 Nb6 29. Ne4 Nd5 30. Nc5 c3 31. Ra2 Rd8 32.
Ne4 Nc8 33. Rac2 Ncb6 34. Nc5 Rc8 35. Ra1 Nxe3 36. Qxe3 Nd5 37. Qe4 Bxc5 38. dxc5 Qxc5 39. Rac1 b6 40. Qf3 Qb4 41. Ra1 Qb3 42. Qd1 Rc4 43. Rac1 Qxa4 44. Kh2 Qxb5 45. Qf3 Qc5 46. Ra1 a4 47. Rd1 b5 48. Ra1 Qd4 49. Rb1 Qxe5+ 50. g3 b4 51. Ra1 b3 0-1

[Event "*** SCC Grand Prix: Titled Tuesday Blitz"]
[Site "Chess.com"]
[Date "2020.07.07"]
[Round "2"]
[White "KaterynaLagno"]
[Black "AldokhinIvan"]
[Result "1-0"]
[WhiteElo "2771"]
[BlackElo "2515"]
[TimeControl "180+1"]
[EndTime "10:18:54 PDT"]
[Termination "KaterynaLagno won by resignation"]

1. e4 c5 2. Nf3 e6 3. d4 cxd4 4.
Nxd4 a6 5. Nc3 Qc7 6. Bd3 Nf6 7.
O-O Bd6 8. f4 Bc5 9. Be3 Nc6 10.
Be2 Qb6 11. Na4 Bxd4 12. Nxb6 Bxe3+ 13. Kh1 Bxb6 14. Bf3 e5 15. Qd6 Bd8 16. fxe5 Be7 17. Qc7 Bd8 18. Qd6 Be7 19. Qd2 Nxe5 20. Qg5 d6 21.
Qxg7 Rg8 22. Qh6 Rg6 23. Qd2 Be6 24. Qc3 Rc8 25. Qb4 b5 26. Qa5 Nxf3 27. gxf3 Rxc2 28. Rac1 Rxc1 29. Rxc1 Bh3 30. Rg1 d5 31. Rxg6 fxg6 32. e5 Nd7 33. Qxa6 Kf7 34. Qxb5 Ke6 35. a4 Nxe5 36.
a5 Nxf3 37. a6 Bf5 38. a7 Nd4 39. Qb6+ Ke5 40. a8=Q Ne2 41. Qe3+ Be4+ 42. Qxe4+ dxe4 43. Qe8 Kf6 44. Qc6+ Kg5 45. Qb5+ Kf4 46. Qxe2 Bf6 47. Kg2 Be5 48. b4 Kf5 49. b5 1-0

[Event "*** SCC Grand Prix: Titled Tuesday Blitz"]
[Site "Chess.com"]
[Date "2020.07.07"]
[Round "2"]
[White "Chessdude1987"]
[Black "Jbd735"]
[Result "0-1"]
[WhiteElo "2210"]
[BlackElo "2441"]
[TimeControl "180+1"]
[EndTime "10:18:54 PDT"]
[Termination "Jbd735 won on time"]

1. e4 e5 2. f4 exf4 3. Bc4 Nc6 4. d4 g5 5. Qh5 d5 6. Bxd5 Qf6 7. e5 Qf5 8. Nf3 Nb4 9. Bb3 g4 10. Qxf5 Bxf5 11. Ng5 Nxc2+ 12. Bxc2 Bxc2 13. Nc3 h6 14. Nge4 O-O-O 15. O-O Rxd4 16. Rxf4 Bb4 17. Be3 Bxc3 18. Bxd4 Bxd4+ 19. Kh1 Bxe5 20. Rxg4 f5 21. Rh4 Bxe4 22.
Rc1 Nf6 23. Re1 Bxb2 24. Re2 Be5 25. h3 Rd8 26. Re1 Rd2 27. Rxh6 Bxg2+ 28. Kg1 Be4 29. Rh8+ Kd7 30. Rf8 Bd4+ 31. Kf1 Rf2+ 32. Kg1 Rg2+ 33.
Kf1 Rh2 34. Rxe4 Nxe4 35. Ke1 Bc3+ 36. Kd1 Rf2 37. Kc1 f4 38. h4 f3 39. h5 Rf1+ 40.
Kc2 Bb4 41. Kd3 Bxf8 42. Kxe4 f2 43. Kf3 Bc5 44. Ke2 Rg1 45. Kd3 f1=Q+ 0-1

[Event "*** SCC Grand Prix: Titled Tuesday Blitz"]
[Site "Chess.com"]
[Date "2020.07.07"]
[Round "2"]
[White "Guenplen"]
[Black "Andrei_Belozerov"]
[Result "1-0"]
[WhiteElo "2900"]
[BlackElo "2568"]
[TimeControl "180+1"]
[EndTime "10:18:56 PDT"]
[Termination "Guenplen won by checkmate"]

1. d4 d5 2. Bf4 Nf6 3. e3 c5 4. c3 Nc6 5. Nd2 cxd4 6. exd4 Bf5 7. Ngf3 e6 8. Be2 Be7 9. h3 O-O 10. O-O Ne4 11. Re1 Bd6 12. Bxd6 Qxd6 13. Nb3 Bg6 14. Nfd2 Rad8 15. Nxe4 dxe4 16. Bb5 e5 17. Bxc6 Qxc6 18. Qe2 Rfe8 19. Rad1 exd4 20. Nxd4 Qb6 21. Rd2 Rd6 22.
Red1 Red8 23. Qe3 h6 24. c4 a5 25. Nb3 Qxe3 26. fxe3 Rd3 27. Rxd3 exd3 28. Nxa5 Ra8 29. Nxb7 Rb8 30. Nc5 Rxb2 31. Nxd3 Rxa2 32. Nf2 Rc2 33. Rd4 f6 34. Ne4 Re2 35. Rd8+ Kf7 36. Rd7+ Kf8 37. Nd6 Rxe3 38. c5 Rc3 39. Rc7 h5 40. h4 Bd3 41. Kf2 f5 42. Ke3 Be4+ 43. Kd4 Rc2 44. Ke5 Rxg2 45. c6 Rc2 46. Rc8+ Ke7 47. Re8# 1-0

[Event "*** SCC Grand Prix: Titled Tuesday Blitz"]
[Site "Chess.com"]
[Date "2020.07.07"]
[Round "2"]
[White "manitodeplomo"]
[Black "platy3"]
[Result "0-1"]
[WhiteElo "2523"]
[BlackElo "2794"]
[TimeControl "180+1"]
[EndTime "10:18:56 PDT"]
[Termination "platy3 won by resignation"]

1. e4 c5 2. g3 Nc6 3. Bg2 g6 4. Ne2 Bg7 5. c3 e5 6. d3 Nge7 7. O-O O-O 8. Be3 d6 9. d4 cxd4 10. cxd4 Bg4 11. f3 exd4 12. Nxd4 Nxd4 13. Bxd4 Bxd4+ 14. Qxd4 Be6 15. Nc3 d5 16. Rfd1 dxe4 17. Nxe4 Qxd4+ 18. Rxd4 Rfd8 19. Rad1 Rxd4 20. Rxd4 Nc6 21.
Rd2 Bxa2 22. Rd7 b6 23. f4 Rb8 24. Nc3 Be6 25. Bxc6 Bxd7 26. Bxd7 Rd8 27. Bb5 Rd2 28. b3 Rc2 29. Ne4 f5 30. Nd6 Kf8 31. Bc4 Rd2 32. Nb5 a6 33. Nc7 b5 34. Bf1 Rd6 35. Bg2 Ke7 36. b4 Rd1+ 37. Kf2 Rd2+ 38. Kg1 Ra2 39. Bb7 a5 40. bxa5 Rxa5 41. Bc6 Kd6 42.
Nxb5+ Kxc6 43. Nd4+ Kd5 44. Nf3 h6 45. Ng5 0-1